 Dungeon Crawl Stone Soup version 0.20-a0-920-gb18bc0f (webtiles) character file.

154 Goblin1989 the Slasher (level 5, -6/41 HPs)
             Began as a Demonspawn Monk on Mar 25, 2017.
             Was a Follower of Ru.
             Mangled by an ogre
             ... wielding a +0 giant club
              (11 damage)
             ... on level 4 of the Dungeon.
             The game lasted 00:10:57 (3199 turns).

Goblin1989 the Slasher (Demonspawn Monk)            Turns: 3199, Time: 00:10:58

Health: -6/41      AC:  5    Str: 12 (13) XL:     5   Next: 13%
Magic:  5/5        EV: 16    Int: 10 (11) God:    Ru [*.....]
Gold:   117        SH:  6    Dex: 19 (20) Spells: 4/4 levels left

rFire    . . .     SeeInvis .   a - +1 falchion
rCold    . . .     Gourm    .   t - +2 buckler
rNeg     . . .     Faith    .   h - +0 ring mail
rPois    .         Spirit   .   (helmet restricted)
rElec    .         Reflect  .   (no cloak)
rCorr    .         Harm     .   (no gloves)
MR       .....                  (no boots)
Stlth    +++.......             (no amulet)
Regen    0.2/turn               (no ring)
MPRegen  0.1/turn               (no ring)

@: agile, flying, very slightly contaminated, hasted, very quick
A: horns 1, hated by all
a: Renounce Religion


You were on level 4 of the Dungeon.
You worshipped Ru.
Ru was aware of your devotion.
You were near starving.

You visited 1 branch of the dungeon, and saw 4 of its levels.

You collected 117 gold pieces.

Inventory:

Hand Weapons
 a - a +1 falchion (weapon)
Missiles
 c - 33 arrows
 j - 116 stones (quivered)
 l - 21 poisoned needles
 m - 35 bolts
 q - 5 needles of sleeping
 v - 4 sling bullets
Armour
 h - a +0 ring mail (worn)
 t - a +2 buckler (worn)
 u - a +1 scale mail
Potions
 b - a potion of haste {@q3, !q}
 r - a potion of flight
Comestibles
 e - 3 bread rations {@e1}
 f - a royal jelly
 n - a fruit
 s - 2 meat rations {@e2}


   Skills:
 + Level 3.1 Fighting
 * Level 5.2 Long Blades
 - Level 2.6 Dodging
 - Level 1.7 Stealth
 + Level 0.3 Shields


You had 4 spell levels left.
You didn't know any spells.

Dungeon Overview and Level Annotations

Branches:
Dungeon (4/15)
 Temple: D:4-7

Altars:
Ashenzari
Nemelex Xobeh
Qazlal
Ru


Innate Abilities, Weirdness & Mutations

You have a pair of small horns on your head.
You are hated by all.


Message History

The adder is severely wounded.
The adder misses you.
Unknown command.
You hit the adder but do no damage. Your headbutt misses the adder.
The adder is severely wounded.
You block the adder's attack.
Your shield and ring mail prevent you from hitting the adder.
The adder is severely wounded.
You barely miss the adder.
The adder is severely wounded.
The adder completely misses you.
You riposte.
You hit the adder but do no damage.
You headbutt the adder, but do no damage.
The adder is severely wounded.
The adder skeleton closely misses you.
You see here 8 gold pieces.
You hit the adder.
You kill the adder!
You hit the worker ant. Your headbutt misses the worker ant.
The worker ant is lightly wounded.
The worker ant misses you.
You hit the worker ant.
You headbutt the worker ant, but do no damage.
The worker ant is lightly wounded.
You closely miss the worker ant.
The worker ant is lightly wounded.
You hear the slow rusting of a very distant drain.
The worker ant closely misses you.
You hit the worker ant. Your headbutt misses the worker ant.
The worker ant is heavily wounded.
The worker ant closely misses you.
You riposte.
You hit the worker ant.
The worker ant is heavily wounded.
You block the orc's attack.
You hit the worker ant but do no damage.
The worker ant is heavily wounded.
The worker ant misses you.
You hit the worker ant but do no damage.
The worker ant is heavily wounded.
The orc barely misses you.
The worker ant bites you but does no damage.
You hit the worker ant but do no damage.
You headbutt the worker ant.
The worker ant is severely wounded.
You block the worker ant's attack.
The orc hits you from afar with a trident.
You take 5 damage, and have 29/35 hp.
You barely miss the worker ant.
The worker ant is severely wounded.
The worker ant misses you.
You barely miss the worker ant.
The worker ant is severely wounded.
The orc closely misses you.
You hit the worker ant.
You kill the worker ant!
You feel your strength returning.
You have reached level 5!
The orc completely misses you.
You regained 5 hp, and now have 34/41 hp.
MP restored: 5 You closely miss the ogre.
You hit the ogre but do no damage. The ogre misses you.
The orc closely misses you.
You hit the ogre. You headbutt the ogre.
The ogre is moderately wounded.
The orc hits you from afar with a trident.
The ogre hits you with a giant club.
You take 8 damage, and have 26/41 hp.
You hit the ogre.
The ogre is moderately wounded.
You slash the ogre!
The ogre is severely wounded.
The orc hits you from afar with a trident!
The ogre hits you with a giant club!
* * * LOW HITPOINT WARNING * * *
You take 15 damage, and have 11/41 hp.
MASSIVE DAMAGE!!
You hit the ogre.
The ogre is severely wounded.
The orc hits you from afar with a trident.
* * * LOW HITPOINT WARNING * * *
You take 6 damage, and have 5/41 hp.
Unknown command.
Quiver which item? (- for none, * to show all) (? for menu, Esc to quit)
Quivering
w - a tomahawk of returning for throwing.
Throwing (i - inventory. (,) - cycle):
w - a tomahawk of returning (quivered)
Press: ? - help, Shift-Dir - straight line, f - ogre
Aim: an ogre, wielding a giant club (severely wounded)
You throw a tomahawk of returning.
The tomahawk of returning hits the ogre.
The ogre is almost dead.
The tomahawk of returning fails to return to your pack!
Throwing (i - inventory):
j - 117 stones (quivered)
Press: ? - help, Shift-Dir - straight line, f/p - ogre
Aim: an ogre, wielding a giant club (almost dead)
You throw a stone.
The stone hits the ogre but does no damage.
The ogre is almost dead.
You hit the ogre.
The ogre is almost dead.
The ogre hits you with a giant club!
You die...

█w█o█...≈█ █.
███████.█.█....§
..
...a..Oo.......§
█.
███████.█.█....█
█. █†█.█..§≈█
█.████████.█.█
█........$w..█
█.██████Z██..█
█.@OoO.w..(..█
█████.██.█████
█.██.█ █.██.█
█.██.█ █.██.█
.█.█.█ █ █ .█


You could see 2 ogres, a worm, an orc and an adder skeleton.

Vanquished Creatures
  A worker ant (D:4)
  4 adders
  3 worms
  3 dart slugs
  4 leopard geckos
  2 orcs (D:3)
  6 giant cockroaches
  5 goblins
  6 hobgoblins
  3 jackals (D:1)
  4 quokkas
  A ball python (D:2)
  6 bats
  8 frilled lizards
  10 kobolds
  12 rats
78 creatures vanquished.

Notes
Turn   | Place    | Note
-------+----------+-------------------------------------------
     0 | D:1      | Goblin1989 the Demonspawn Monk began the quest for the Orb.
     0 | D:1      | Reached XP level 1. HP: 18/18 MP: 1/1
   109 | D:1      | Reached skill level 3 in Long Blades
   150 | D:1      | Gained mutation: You have a pair of small horns on your head. [demonic ancestry]
   150 | D:1      | Reached XP level 2. HP: 13/24 MP: 2/2
   786 | D:1      | Reached XP level 3. HP: 29/29 MP: 3/3
  1235 | D:1      | Reached skill level 4 in Long Blades
  1767 | D:2      | Reached XP level 4. HP: 35/35 MP: 4/4
  1768 | D:2      | Goblin1989: lg -log
  1768 | D:2      | Goblin1989: !lg -log
  1768 | D:2      | beem: No games for -log.
  1768 | D:2      | Goblin1989: !lg goblin1989 -log
  1768 | D:2      | beem: 1868. Goblin1989, XL27 BaFi, T:84972: http://crawl.xtahua.com/crawl/morgue/Goblin1989/morgue-Goblin1989-20170325-075544.txt
  2244 | D:3      | Found a shattered altar of Ashenzari.
  2246 | D:3      | Found a sacrificial altar of Ru.
  2254 | D:3      | Became a worshipper of Ru the Awakened
  2256 | D:3      | Gained mutation: You are hated by all. [Ru sacrifice]
  2256 | D:3      | Reached * piety under Ru
  3019 | D:3      | Reached skill level 5 in Long Blades
  3050 | D:3      | Found a sparkling altar of Nemelex Xobeh.
  3135 | D:4      | Noticed an ogre
  3139 | D:4      | Found a stormy altar of Qazlal.
  3141 | D:4      | Noticed an ogre
  3186 | D:4      | Reached XP level 5. HP: 34/41 MP: 5/5
  3199 | D:4      | Mangled by an ogre

Vault maps used:
D:1:      dpeg_arrival_solitude, hangedman_feature_mirror, st_stairs_14
D:2:      interstate_on_off, minmay_pentomino_r2
D:3:      minitemple, nemelex_xobeh_ov_fountains_minmay, first_bread
D:4:      nicolae_overflow_crystal_walls, nicolae_qazlal_general_emergency,
          gup_sewer_entry_bubbles, serial_shops, nicolae_shop_waterfront,
          uniq_blork_the_orc

Skill      XL: |  1  2  3  4 |
---------------+-------------+-----
Long Blades    | 3 4 5 |  5.2
Fighting       | |  3.1
Dodging        | |  2.6
Stealth        | |  1.7
Shields        | |  0.3

Action                   |  1- 3 |  4- 6 || total
-------------------------+-------+-------++-------
Melee: Falchion          |   124 |   100 ||   224
       Headbutt          |    15 |    20 ||    35
Throw: Stone             |     9 |     6 ||    15
       Tomahawk          |       |     1 ||     1
Invok: Sacrifice Love    |       |     1 ||     1
  Use: Scroll            |       |     7 ||     7
       Potion            |       |     5 ||     5
 Stab: Sleeping          |     3 |       ||     3
  Eat: Chunk             |     3 |     2 ||     5
       Fruit             |       |     1 ||     1
Armor: Robe              |    12 |       ||    12
       Ring mail         |    31 |    26 ||    57
Dodge: Dodged            |    96 |    55 ||   151
Block: Buckler           |    10 |    23 ||    33
       Rpst.: Falchion   |    35 |    15 ||    50

Vault maps used:
D:1:      dpeg_arrival_solitude, hangedman_feature_mirror, st_stairs_14
D:2:      interstate_on_off, minmay_pentomino_r2
D:3:      minitemple, nemelex_xobeh_ov_fountains_minmay, first_bread
D:4:      nicolae_overflow_crystal_walls, nicolae_qazlal_general_emergency,
          gup_sewer_entry_bubbles, serial_shops, nicolae_shop_waterfront,
          uniq_blork_the_orc
